 Dungeon Crawl Stone Soup version 0.31-a0-631-g285b096dc4 (webtiles) character file.

Game seed: 2414483148793038002

19 Dittersdorf the Covered (level 2, -2/19 HPs)
             Began as a Gargoyle Fighter on Aug 25, 2023.
             Slain by a cerulean imp
             ... wielding a +2 spear
             ... summoned by Natasha
              (3 damage)
             ... on level 2 of the Dungeon.
             The game lasted 00:01:14 (669 turns).

Dittersdorf the Covered (Gargoyle Fighter)           Turns: 669, Time: 00:01:15

Health: -2/19      AC: 12    Str: 19    XL:     2   Next: 75%
Magic:  11/11      EV:  7    Int:  8    God:
Gold:   89         SH:  4    Dex:  9    Spells: 1/1 levels left

rFire   + . .        a - +0 flail
rCold   . . .        c - +0 buckler
rNeg    + . .        e - +0 chain mail
rPois   ∞            (no helmet)
rElec   +            (no cloak)
rCorr   .            (no gloves)
SInv    .            (no boots)
Will    .....        (no amulet) Stlth
                     f - ring of protection from fire
HPRegen 0.23/turn    i - ring of magical power
MPRegen 0.12/turn

%: no passive effects
@: no status effects
A: sickness immunity, AC +2, negative energy resistance 1, electricity
resistance, torment resistance 1, petrification resistance
a: no special abilities


You were on level 2 of the Dungeon.
You visited 1 branch of the dungeon, and saw 2 of its levels.

You collected 89 gold pieces.

Inventory:

Hand Weapons
 a - a +0 flail (weapon)
Armour
 c - a +0 buckler (worn)
 e - a +0 chain mail (worn)
Jewellery
 f - a ring of protection from fire (left hand)
 i - a ring of magical power (right hand)
Scrolls
 g - 2 scrolls of identify {unknown}
 h - a scroll of enchant armour {unknown}
 j - a scroll of enchant weapon {unknown}
 k - a scroll of fear {unknown}
Potions
 b - 2 potions of curing {unknown}
 d - a potion of might


   Skills:
 + Level 3.5 Fighting
 + Level 2.3 Maces & Flails
 + Level 3.5 Armour
 + Level 3.5 Shields


You had one spell level left.
You didn't know any spells.
Your spell library was empty.

Dungeon Overview and Level Annotations

Branches:
Dungeon (2/15)

Altars:
Kikubaaqudgha

Shops:
D:1 =(?(

Annotations:
D:2 Natasha


Innate Abilities, Weirdness & Mutations

You are immune to sickness and miasma.
Your stone body is resilient. (AC +2)
You are immune to poison.
You resist negative energy. (rN+)
You are resistant to electric shocks. (rElec)
You are resistant to unholy torment.
You are immune to petrification.


Message History

The cerulean imp hits you but does no damage.
You are too injured to fight recklessly!
You are too injured to fight recklessly!
You are too injured to fight recklessly!
You are too injured to fight recklessly!
You are too injured to fight recklessly!
You are too injured to fight recklessly!
You are too injured to fight recklessly!
You are too injured to fight recklessly!
You are too injured to fight recklessly!
You are too injured to fight recklessly!
You are too injured to fight recklessly!
You are too injured to fight recklessly!
You are too injured to fight recklessly!
You are too injured to fight recklessly!
You are too injured to fight recklessly!
You are too injured to fight recklessly!
You are too injured to fight recklessly!
You are too injured to fight recklessly!
You are too injured to fight recklessly!
You barely miss Natasha.
Natasha is almost dead.
The cerulean imp hits you but does no damage.
Natasha claws you but does no damage.
The cerulean imp hits you with a +0 spear.
You hit Natasha but do no damage.
Natasha is severely wounded.
Natasha claws you but does no damage.
The cerulean imp hits you but does no damage.
The cerulean imp hits you with a +0 spear.
* * * LOW HITPOINT WARNING * * *
You hit Natasha but do no damage.
Natasha is severely wounded.
You block Natasha's attack.
The cerulean imp hits you but does no damage.
The cerulean imp hits you with a +0 spear.
* * * LOW HITPOINT WARNING * * *
You block Natasha's attack.
The cerulean imp hits you from afar with a +2 spear.
You die...

##..#.# .....####
#..#.#.. #..#...#
#..#...# # ##..#...####.#
#.... #.#(...........#
.._ #...5h@.....####. ...
#.#.>5##..#...... ...
##.# #......... #.# ##
#......... #.# #.########
#.# ##.## #<#
#.#####...##########.#
##...†...#............##
......†....<######.......


You could see Natasha and 2 cerulean imps.

Vanquished Creatures
  A giant cockroach (D:1)
  3 goblins (D:1)
  A hobgoblin (D:1)
  A quokka (D:1)
  3 ball pythons (D:1)
  2 bats (D:1)
  2 frilled lizards (D:1)
  3 kobolds (D:1)
  4 rats
20 creatures vanquished.

Notes
Turn   | Place    | Note
-------+----------+-------------------------------------------
     0 | D:1      | Dittersdorf the Gargoyle Fighter began the quest for the
                  | Orb.
     0 | D:1      | Reached XP level 1. HP: 14/14 MP: 1/1
    92 | D:1      | Found Dockuzau's Antique Armour Boutique.
   101 | D:1      | Reached XP level 2. HP: 16/19 MP: 2/2
   179 | D:1      | Found Ezogocs's Antique Weapon Boutique.
   189 | D:1      | Found Kibain's Magic Scroll Boutique.
   220 | D:1      | Found Weil's Jewellery Boutique.
   368 | D:1      | Found Qavuigor's Antique Weapon Shop.
   615 | D:2      | Found an ancient bone altar of Kikubaaqudgha.
   658 | D:2      | Noticed Natasha
   669 | D:2      | Slain by a cerulean imp

Illustrated notes

Levels and vault maps discovered:
D:1:      wander_arrival_lonely_grave, layout_rooms, serial_shops,
          nicolae_shop_gaudy_bauble, shop, shop, nicolae_shop_stone,
          shop_fountains
D:2:      layout_loops_ring, basic_altar, uniq_natasha

Action                     || total
---------------------------++-------
  Melee: Flail             ||    84
 Armour: Scale mail        ||     7
         Chain mail        ||    78
  Dodge: Dodged            ||    49
  Block: Buckler           ||    23

Table legend: (Time is in decaauts)
 A = Elapsed time spent in this place.
 B = Non-inter-level travel time spent in this place.
 C = Inter-level travel time spent in this place.
 D = Time resting spent in this place.
 E = Time spent auto-exploring this place.
 F = Levels seen in this place.
 G = Mean time per level.
                   A        B        C        D        E       F      G
               +--------+--------+--------+--------+--------+-----+--------+
         Total |    694 |    689 |      5 |     38 |    437 |   2 |  347.0 |
       Dungeon |    694 |    689 |      5 |     38 |    437 |   2 |  347.0 |
               +--------+--------+--------+--------+--------+-----+--------+

Top non-repeatable levels by time:
     D:1: 637 daAuts
     D:2: 57 daAuts
